 Dungeon Crawl Stone Soup version 0.27-a0-836-gfc908b8576 (webtiles) character file.

Game seed: 4304350368687090905

103 n0claF the Skirmisher (level 4, -6/40 HPs)
             Began as a Ghoul Fighter on Apr 1, 2021.
             Splashed by a jelly's acid (10 damage)
             ... on level 2 of the Dungeon.
             The game lasted 00:02:05 (1018 turns).

n0claF the Skirmisher (Ghoul Fighter)               Turns: 1018, Time: 00:02:05

Health: -6/40      AC:  2    Str: 20    XL:     4   Next: 79%
Magic:  3/3        EV:  7    Int:  3    God:
Gold:   92         SH:  9    Dex:  8    Spells: 3/3 levels left

rFire    . . .     SeeInvis .   a - +0 war axe
rCold    + . .     Faith    .   c - +0 kite shield
rNeg     + + +     Spirit   .   b - +0 scale mail
rPois    ∞         Reflect  .   (no helmet)
rElec    .         Harm     .   (no cloak)
rCorr    .         Rampage  .   (no gloves)
Will     .....                  (no boots)
Stlth    ..........             (no amulet)
HPRegen  0.00/turn              (no ring)
MPRegen  0.08/turn              (no ring)

@: mighty, corroded
A: claws 1, cold resistance 1, negative energy resistance 3, inhibited
regeneration, torment resistance 2, unbreathing 1
a: no special abilities


You were on level 2 of the Dungeon.
You visited 1 branch of the dungeon, and saw 2 of its levels.

You collected 92 gold pieces.

Inventory:

Hand Weapons
 a - a +0 war axe (weapon)
Armour
 b - a +0 scale mail (worn)
 c - a +0 kite shield (worn)
Scrolls
 h - a scroll of teleportation {unknown}
Potions
 e - a potion of lignification {unknown}
 f - 3 potions of mutation {unknown}
 g - a potion of heal wounds {unknown}


   Skills:
 + Level 3.9 Fighting
 * Level 3.1 Axes
 + Level 3.2 Armour
 + Level 3.2 Shields


You had 3 spell levels left.
You didn't know any spells.
Your spell library was empty.

Dungeon Overview and Level Annotations

Branches:
Dungeon (2/15)

Altars:


Innate Abilities, Weirdness & Mutations

You thrive by killing the living.
You are immune to poison.
You have sharp fingernails.
Your flesh is cold resistant. (rC+)
You are immune to negative energy. (rN+++)
You do not regenerate when monsters are visible.
You are immune to unholy pain and torment.
You can survive without breathing.


Message History

You feel better.
You hit the endoplasm but do no damage. You hit the endoplasm.
A nearby fungus withers and dies.
The endoplasm freezes you.
You are frozen.
You resist. The endoplasm hits you.
The endoplasm jiggles.
You have reached level 4!
You hit the endoplasm. You hit the jelly.
Your claws burn!
* * * LOW HITPOINT WARNING * * *
You hit the endoplasm but do no damage. The endoplasm freezes you.
You are frozen.
You resist.
* * * LOW HITPOINT WARNING * * *
You block the endoplasm's attack. The endoplasm hits you.
* * * LOW HITPOINT WARNING * * *
The endoplasm hits you.
* * * LOW HITPOINT WARNING * * *
The jelly closely misses you.
There are monsters nearby!
Nothing quivered!
You slash the endoplasm!
You kill the endoplasm!
You feel better.
You hit the jelly.
Your claws burn!
* * * LOW HITPOINT WARNING * * *
You hit the endoplasm but do no damage. The endoplasm freezes you.
You are frozen.
You resist.
* * * LOW HITPOINT WARNING * * *
You block the jelly's attack. You block the endoplasm's attack.
You feel very mighty all of a sudden. You block the endoplasm's attack.
You block the jelly's attack. The endoplasm freezes you.
You are frozen.
You resist.
* * * LOW HITPOINT WARNING * * *
You slash the endoplasm!
You kill the endoplasm!
You feel better.
You slash the jelly!
You kill the jelly!
You slash the endoplasm!
You kill the endoplasm!
You block the endoplasm's attack. The endoplasm hits you.
* * * LOW HITPOINT WARNING * * *
Your Axes skill increases to level 3!
You slash the endoplasm!
You kill the endoplasm!
You feel better.
You hit the endoplasm. You slash the jelly!
Your claws burn!
* * * LOW HITPOINT WARNING * * *
The jelly hits you.
* * * LOW HITPOINT WARNING * * *
You are splashed with acid!
You die...

#.......##......##
#.......#######.##
#.(.....#######.##
#.......##........
#....##########.##
#....'..## ##...#
########.# #.....
##...)..## ##...#
#@####### ##.##
#J.JJ..÷.. #<#
#.......÷÷ #.#
#.÷.....P.
#.÷.P...÷.
#.P÷P...P÷
#.......P?
##########


You could see a jelly and 2 endoplasms.

Vanquished Creatures
  2 jellies (D:2)
  An adder (D:2)
  10 endoplasms
  A giant cockroach (D:2)
  4 goblins (D:1)
  5 hobgoblins (D:1)
  A quokka (D:1)
  2 bats (D:1)
  9 kobolds
  A rat (D:1)
36 creatures vanquished.

Vanquished Creatures (others)
  3 fungi (D:2)
  4 toadstools (D:2)
7 creatures vanquished.

Grand Total: 43 creatures vanquished

Notes
Turn   | Place    | Note
-------+----------+-------------------------------------------
     0 | D:1      | n0claF the Ghoul Fighter began the quest for the Orb.
     0 | D:1      | Reached XP level 1. HP: 19/19 MP: 0/0
   313 | D:1      | Reached XP level 2. HP: 26/26 MP: 1/1
   883 | D:2      | Reached XP level 3. HP: 29/31 MP: 2/2
  1014 | D:2      | Reached XP level 4. HP: 21/40 MP: 3/3
  1018 | D:2      | Splashed by a jelly's acid

Illustrated notes

Levels and vault maps discovered:
D:1:      mainiacjoe_arrival_reflecting_pool, layout_loops_ring
D:2:      cheibrodos_fertilizer, layout_loops_corners, overflow_temple_1_default

Skill      XL: |  1  2  3  4 |
---------------+-------------+-----
Axes           | 2 3 |  3.1
Armour         | 3 |  3.2
Shields        | 3 |  3.2
Fighting       | |  3.9

Action                   |  1- 3 |  4- 6 || total
-------------------------+-------+-------++-------
Melee: War axe           |    81 |     4 ||    85
  Use: Potion            |       |     1 ||     1
Armor: Scale mail        |    38 |       ||    38
Dodge: Dodged            |    17 |     1 ||    18
Block: Kite shield       |    38 |     6 ||    44

Table legend: (Time is in decaauts)
 A = Elapsed time spent in this place.
 B = Non-inter-level travel time spent in this place.
 C = Inter-level travel time spent in this place.
 D = Time resting spent in this place.
 E = Time spent auto-exploring this place.
 F = Levels seen in this place.
 G = Mean time per level.
                   A        B        C        D        E       F      G
               +--------+--------+--------+--------+--------+-----+--------+
         Total |   1070 |   1049 |     21 |      0 |    840 |   2 |  535.0 |
       Dungeon |   1070 |   1049 |     21 |      0 |    840 |   2 |  535.0 |
               +--------+--------+--------+--------+--------+-----+--------+

Top non-repeatable levels by time:
     D:1: 906 daAuts
     D:2: 164 daAuts
